| TOP OF THE 1ST |
|
Arkansas Travelers batting - Pitching for Round Rock Express : RHP Preston Shockley
|
|
Pitching: RHP Preston Shockley
|
|
|
Batting: RHB Michael Strawberry
|
0-0: Called Strike 0-1: Foul Ball, location: 2F 0-2: Ball 1-2: Ball 2-2: Foul Ball, location: 2F 2-2: Strikes out swinging
|
|
Batting: LHB Dave Magadan
|
0-0: Ball 1-0: Swinging Strike 1-1: Ball 2-1: Ball 3-1: Ground out 1-3 (Groundball, 15S, EV 71.9 MPH)
|
|
Batting: LHB Phil Stephenson
|
0-0: Foul Ball, location: 2F 0-1: Ball 1-1: DOUBLE (Line Drive, 7LS, EV 110.6 MPH)
|
|
Batting: RHB Randy Milligan
|
0-0: Ball 1-0: Ball 2-0: Ball 3-0: Called Strike 3-1: Fly out, F9 (Flyball, 89D, EV 85.0 MPH)
|
| Top of the 1st over - 0 runs, 1 hit, 0 errors, 1 left on base; Arkansas 0 - Round Rock 0 |
| BOTTOM OF THE 1ST |
|
Round Rock Express batting - Pitching for Arkansas Travelers : LHP Ricardo Acevedo
|
|
Pitching: LHP Ricardo Acevedo
|
|
|
Batting: LHB Steve Lyons
|
0-0: Called Strike 0-1: Foul Ball, location: 2F 0-2: Strikes out swinging
|
|
Batting: RHB George Gross
|
0-0: Called Strike 0-1: Foul Ball, location: 2F 0-2: Ball 1-2: Ball 2-2: Strikes out swinging
|
|
Batting: LHB Al Chambers
|
0-0: Ground out 6-3 (Groundball, 6, EV 109.4 MPH)
|
| Bottom of the 1st over - 0 runs, 0 hits, 0 errors, 0 left on base; Arkansas 0 - Round Rock 0 |
| TOP OF THE 2ND |
|
Arkansas Travelers batting - Pitching for Round Rock Express : RHP Preston Shockley
|
|
Batting: SHB Bobby Bonilla
|
0-0: Ball 1-0: Swinging Strike 1-1: Swinging Strike 1-2: Strikes out swinging
|
|
Batting: RHB Denny Gonzalez
|
0-0: Foul Ball, location: 2F 0-1: Called Strike 0-2: Ball 1-2: Ball 2-2: Ball 3-2: Base on Balls
|
|
Batting: SHB Bob Meacham
|
0-0: Ball 1-0: Ball Denny Gonzalez steals 2nd base 2-0: Ball 3-0: Base on Balls
|
|
Batting: RHB Rob Deer
|
0-0: Called Strike 0-1: Called Strike Denny Gonzalez steals 3rd base Bob Meacham to second 0-2: Foul Ball, location: 2F 0-2: Ball 1-2: Ground out 1-3 (Groundball, 15S, EV 69.4 MPH)
|
|
Batting: LHB Jesus Marinez
|
0-0: Ball 1-0: Ball 2-0: Ball 3-0: Called Strike 3-1: Called Strike 3-2: SINGLE (Groundball, 34D, EV 96.3 MPH) Denny Gonzalez scores Bob Meacham to third Bob Meacham scores
|
|
Batting: RHB Michael Strawberry
|
0-0: Called Strike 0-1: Foul Ball, location: 2F 0-2: Ball 1-2: Foul Ball, location: 2F 1-2: Foul Ball, location: 2F 1-2: Ball 2-2: Foul Ball, location: 2F 2-2: Strikes out swinging
|
| Top of the 2nd over - 2 runs, 1 hit, 0 errors, 1 left on base; Arkansas 2 - Round Rock 0 |
| BOTTOM OF THE 2ND |
|
Round Rock Express batting - Pitching for Arkansas Travelers : LHP Ricardo Acevedo
|
|
Batting: RHB Alejandro Sanchez
|
0-0: Ball 1-0: Swinging Strike 1-1: Fly out, F9 (Flyball, 9S, EV 86.9 MPH)
|
|
Batting: RHB Gerald Miller
|
0-0: Ball 1-0: Foul Ball, location: 2F 1-1: Called Strike 1-2: Ball 2-2: Strikes out swinging
|
|
Batting: RHB Martyn Maxwell
|
0-0: Called Strike 0-1: Foul Ball, location: 2F 0-2: Foul Ball, location: 2F 0-2: Strikes out swinging
|
| Bottom of the 2nd over - 0 runs, 0 hits, 0 errors, 0 left on base; Arkansas 2 - Round Rock 0 |
| TOP OF THE 3RD |
|
Arkansas Travelers batting - Pitching for Round Rock Express : RHP Preston Shockley
|
|
Batting: LHB Dave Magadan
|
0-0: Called Strike 0-1: Foul Ball, location: 2F 0-2: Foul Ball, location: 2F 0-2: Ball 1-2: Ball 2-2: Ball 3-2: Fly out, F8 (Flyball, 8RD, EV 79.4 MPH)
|
|
Batting: LHB Phil Stephenson
|
0-0: Ball 1-0: Swinging Strike 1-1: Foul Ball, location: 2F 1-2: Ball 2-2: Ball 3-2: Foul Ball, location: 2F 3-2: Ground out 6-3 (Groundball, 6M, EV 104.4 MPH)
|
|
Batting: RHB Randy Milligan
|
0-0: Foul Ball, location: 2F 0-1: Fly out, F9 (Flyball, 89M, EV 86.9 MPH)
|
| Top of the 3rd over - 0 runs, 0 hits, 0 errors, 0 left on base; Arkansas 2 - Round Rock 0 |
| BOTTOM OF THE 3RD |
|
Round Rock Express batting - Pitching for Arkansas Travelers : LHP Ricardo Acevedo
|
|
Batting: RHB Mike Sodders
|
0-0: Called Strike 0-1: Ball 1-1: Ball 2-1: Called Strike 2-2: Ground out 5-3 (Groundball, 5L, EV 80.6 MPH)
|
|
Batting: LHB Luis Armijo
|
0-0: Called Strike 0-1: Ball 1-1: Called Strike 1-2: Fly out, F3 (Line Drive, 3, EV 65.0 MPH)
|
|
Batting: LHB William Sobbe
|
0-0: Called Strike 0-1: Foul Ball, location: 2F 0-2: Foul Ball, location: 2F 0-2: Ground out U3 (Groundball, 13, EV 75.0 MPH)
|
| Bottom of the 3rd over - 0 runs, 0 hits, 0 errors, 0 left on base; Arkansas 2 - Round Rock 0 |
| TOP OF THE 4TH |
|
Arkansas Travelers batting - Pitching for Round Rock Express : RHP Preston Shockley
|
|
Batting: SHB Bobby Bonilla
|
0-0: Ball 1-0: Called Strike 1-1: Ground out 4-3 (Groundball, 4, EV 83.1 MPH)
|
|
Batting: RHB Denny Gonzalez
|
0-0: Fly out, F8 (Flyball, 78D, EV 85.6 MPH)
|
|
Batting: SHB Bob Meacham
|
0-0: Called Strike 0-1: Ball 1-1: Ball 2-1: Fly out, F8 (Flyball, 89D, EV 73.8 MPH)
|
| Top of the 4th over - 0 runs, 0 hits, 0 errors, 0 left on base; Arkansas 2 - Round Rock 0 |
| BOTTOM OF THE 4TH |
|
Round Rock Express batting - Pitching for Arkansas Travelers : LHP Ricardo Acevedo
|
|
Batting: LHB Steve Lyons
|
0-0: Ground out 4-3 (Groundball, 4, EV 91.3 MPH)
|
|
Batting: RHB George Gross
|
0-0: Ball 1-0: Ball 2-0: Foul Ball, location: 2F 2-1: Swinging Strike 2-2: Foul Ball, location: 2F 2-2: Ball 3-2: Base on Balls
|
|
Batting: LHB Al Chambers
|
0-0: Ball 1-0: Called Strike 1-1: Ball 2-1: Foul Ball, location: 2F 2-2: Ball 3-2: Base on Balls George Gross to second
|
|
Batting: RHB Alejandro Sanchez
|
0-0: Called Strike 0-1: Fly out, F4 (Popup, 4, EV 63.8 MPH)
|
|
Batting: RHB Gerald Miller
|
0-0: Called Strike 0-1: Foul Ball, location: 2F 0-2: Ball 1-2: Ball 2-2: Strikes out swinging
|
| Bottom of the 4th over - 0 runs, 0 hits, 0 errors, 2 left on base; Arkansas 2 - Round Rock 0 |
| TOP OF THE 5TH |
|
Arkansas Travelers batting - Pitching for Round Rock Express : RHP Preston Shockley
|
|
Batting: RHB Rob Deer
|
0-0: Ball 1-0: Foul Ball, location: 2F 1-1: Called Strike 1-2: Strikes out swinging
|
|
Batting: LHB Jesus Marinez
|
0-0: Called Strike 0-1: Foul Ball, location: 2F 0-2: Ball 1-2: Ball 2-2: Fly out, F8 (Flyball, 8LS, EV 78.8 MPH)
|
|
Batting: RHB Michael Strawberry
|
0-0: Swinging Strike 0-1: Ground out U3 (Groundball, 34, EV 104.4 MPH)
|
| Top of the 5th over - 0 runs, 0 hits, 0 errors, 0 left on base; Arkansas 2 - Round Rock 0 |
| BOTTOM OF THE 5TH |
|
Round Rock Express batting - Pitching for Arkansas Travelers : LHP Ricardo Acevedo
|
|
Batting: RHB Martyn Maxwell
|
0-0: Ball 1-0: Ground out 6-3 (Groundball, 56, EV 104.4 MPH)
|
|
Batting: RHB Mike Sodders
|
0-0: Ball 1-0: Swinging Strike 1-1: Called Strike 1-2: Foul Ball, location: 2F 1-2: Foul Ball, location: 2F 1-2: Foul Ball, location: 2F 1-2: Ball 2-2: Fly out, F6 (Line Drive, 6, EV 68.1 MPH)
|
|
Batting: LHB Luis Armijo
|
0-0: Ground out 4-3 (Groundball, 4, EV 89.4 MPH)
|
| Bottom of the 5th over - 0 runs, 0 hits, 0 errors, 0 left on base; Arkansas 2 - Round Rock 0 |
| TOP OF THE 6TH |
|
Arkansas Travelers batting - Pitching for Round Rock Express : RHP Preston Shockley
|
|
Batting: LHB Dave Magadan
|
0-0: Ball 1-0: Called Strike 1-1: Foul Ball, location: 2F 1-2: Foul Ball, location: 2F 1-2: Ball 2-2: Ball 3-2: Base on Balls
|
|
Batting: LHB Phil Stephenson
|
0-0: Ball 1-0: Foul Ball, location: 2F 1-1: Ball 2-1: SINGLE (Groundball, 6MS, EV 79.4 MPH) (infield hit) Dave Magadan to second
|
|
Batting: RHB Randy Milligan
|
0-0: Swinging Strike 0-1: Called Strike 0-2: Foul Ball, location: 2F 0-2: Ball 1-2: Ball 2-2: Foul Ball, location: 2F 2-2: Ball 3-2: Fly out, F3 (Popup, 3S, EV 67.5 MPH)
|
|
Batting: SHB Bobby Bonilla
|
0-0: Ball 1-0: Ball 2-0: Ball 3-0: Base on Balls Dave Magadan to third Phil Stephenson to second
|
|
Batting: RHB Denny Gonzalez
|
0-0: Ball 1-0: Swinging Strike 1-1: Ball 2-1: Fly out, F4 (Popup, 34, EV 75.6 MPH)
|
|
Batting: SHB Bob Meacham
|
0-0: Fly out, F8 (Flyball, 78M, EV 90.6 MPH)
|
| Top of the 6th over - 0 runs, 1 hit, 0 errors, 3 left on base; Arkansas 2 - Round Rock 0 |
| BOTTOM OF THE 6TH |
|
Round Rock Express batting - Pitching for Arkansas Travelers : LHP Ricardo Acevedo
|
|
Batting: LHB William Sobbe
|
0-0: Ball 1-0: Foul Ball, location: 2F 1-1: Swinging Strike 1-2: Ball 2-2: Foul Ball, location: 2F 2-2: Ball 3-2: Fly out, F6 (Popup, P, EV 76.3 MPH)
|
|
Batting: LHB Steve Lyons
|
0-0: Ball 1-0: Fly out, F8 (Flyball, 89D, EV 105.6 MPH)
|
|
Batting: RHB George Gross
|
0-0: Ball 1-0: Called Strike 1-1: Foul Ball, location: 2F 1-2: Ground out 6-3 (Groundball, P, EV 77.5 MPH)
|
| Bottom of the 6th over - 0 runs, 0 hits, 0 errors, 0 left on base; Arkansas 2 - Round Rock 0 |
| TOP OF THE 7TH |
|
Arkansas Travelers batting - Pitching for Round Rock Express : RHP Preston Shockley
|
|
Batting: RHB Rob Deer
|
0-0: Ball 1-0: Fly out, F2 (Popup, 2LF, EV 85.0 MPH)
|
|
Batting: LHB Jesus Marinez
|
0-0: Ball 1-0: Foul Ball, location: 2F 1-1: Ball 2-1: Ball 3-1: DOUBLE (Flyball, 8RD, EV 88.8 MPH)
|
|
Batting: RHB Michael Strawberry
|
0-0: Ground out 6-3 (Groundball, 6, EV 86.3 MPH)
|
|
Batting: LHB Dave Magadan
|
0-0: Ball 1-0: Foul Ball, location: 2F 1-1: Ball 2-1: Foul Ball, location: 2F 2-2: Ball 3-2: Reached on error, E3 (Groundball, 34S, EV 71.9 MPH) Jesus Marinez to third
|
|
Batting: LHB Phil Stephenson
|
0-0: Called Strike 0-1: Ball 1-1: Ball 2-1: Fly out, F8 (Flyball, 89D, EV 83.1 MPH)
|
| Top of the 7th over - 0 runs, 1 hit, 1 error, 2 left on base; Arkansas 2 - Round Rock 0 |
| BOTTOM OF THE 7TH |
|
Round Rock Express batting - Pitching for Arkansas Travelers : LHP Ricardo Acevedo
|
|
Batting: LHB Al Chambers
|
0-0: Called Strike 0-1: Ball 1-1: Ball 2-1: SINGLE (Flyball, 8LS, EV 88.8 MPH)
|
|
Batting: RHB Alejandro Sanchez
|
0-0: Foul Ball, location: 2F 0-1: Ball 1-1: Ball 2-1: Ball 3-1: Foul Ball, location: 2F 3-2: Base on Balls Al Chambers to second
|
|
Batting: RHB Gerald Miller
|
0-0: Called Strike 0-1: Ball 1-1: Called Strike 1-2: Ball 2-2: Ball 3-2: Base on Balls Al Chambers to third Alejandro Sanchez to second
|
|
Batting: RHB Martyn Maxwell
|
0-0: Swinging Strike 0-1: Ball 1-1: Swinging Strike 1-2: Foul Ball, location: 2F 1-2: Ball 2-2: Foul Ball, location: 2F 2-2: Grounds into fielders choice 5-2 (Groundball, 5, EV 81.9 MPH) Alejandro Sanchez to third Gerald Miller to second
|
|
Batting: RHB Mike Sodders
|
0-0: Swinging Strike 0-1: Foul Ball, location: 2F 0-2: Ball 1-2: Ball 2-2: Ball 3-2: Strikes out swinging
|
|
Batting: LHB Luis Armijo
|
0-0: Called Strike 0-1: Ball 1-1: Called Strike 1-2: Strikes out swinging
|
| Bottom of the 7th over - 0 runs, 1 hit, 0 errors, 3 left on base; Arkansas 2 - Round Rock 0 |
| TOP OF THE 8TH |
|
Arkansas Travelers batting - Pitching for Round Rock Express : RHP Preston Shockley
|
|
Batting: RHB Randy Milligan
|
0-0: Ball 1-0: Ball 2-0: Ball 3-0: Base on Balls
|
|
Pitching: RHP Mario Kaufman
|
|
|
Batting: SHB Bobby Bonilla
|
0-0: Ball 1-0: Called Strike 1-1: Ball Randy Milligan steals 2nd, throwing error, E2 Randy Milligan to third 2-1: Called Strike 2-2: Foul Ball, location: 2F 2-2: Ball 3-2: Foul Ball, location: 2F 3-2: Foul Ball, location: 2F 3-2: Fly out, F6 (Flyball, 6D, EV 80.6 MPH)
|
|
Batting: RHB Denny Gonzalez
|
0-0: Called Strike 0-1: Foul Ball, location: 2F 0-2: Strikes out looking
|
|
Batting: SHB Bob Meacham
|
0-0: Foul Ball, location: 2F 0-1: Ball 1-1: Called Strike 1-2: Foul Ball, location: 2F 1-2: Strikes out swinging
|
| Top of the 8th over - 0 runs, 0 hits, 1 error, 1 left on base; Arkansas 2 - Round Rock 0 |
| BOTTOM OF THE 8TH |
|
Round Rock Express batting - Pitching for Arkansas Travelers : LHP Ricardo Acevedo
|
|
Batting: LHB William Sobbe
|
0-0: Ball 1-0: Called Strike 1-1: Ball 2-1: Foul Ball, location: 2F 2-2: Ground out 4-3 (Groundball, 4, EV 80.6 MPH)
|
|
Batting: LHB Steve Lyons
|
0-0: Called Strike 0-1: Fly out, F8 (Flyball, 8LM, EV 87.5 MPH)
|
|
Batting: RHB George Gross
|
0-0: Ball 1-0: Foul Ball, location: 2F 1-1: Ground out 6-3 (Groundball, 6, EV 102.5 MPH)
|
| Bottom of the 8th over - 0 runs, 0 hits, 0 errors, 0 left on base; Arkansas 2 - Round Rock 0 |
| TOP OF THE 9TH |
|
Arkansas Travelers batting - Pitching for Round Rock Express : RHP Mario Kaufman
|
|
Batting: RHB Rob Deer
|
0-0: Ball 1-0: Ball 2-0: Foul Ball, location: 2F 2-1: Called Strike 2-2: Strikes out swinging
|
|
Batting: LHB Jesus Marinez
|
0-0: Ball 1-0: Called Strike 1-1: Called Strike 1-2: Fly out, F9 (Flyball, 9, EV 88.8 MPH)
|
|
Batting: RHB Michael Strawberry
|
0-0: Ball 1-0: Foul Ball, location: 2F 1-1: Fly out, F8 (Line Drive, 8RD, EV 100.6 MPH)
|
| Top of the 9th over - 0 runs, 0 hits, 0 errors, 0 left on base; Arkansas 2 - Round Rock 0 |
| BOTTOM OF THE 9TH |
|
Round Rock Express batting - Pitching for Arkansas Travelers : LHP Ricardo Acevedo
|
|
Batting: LHB Al Chambers
|
0-0: Ground out 4-3 (Groundball, 4, EV 86.9 MPH)
|
|
Batting: RHB Alejandro Sanchez
|
0-0: Ground out 6-3 (Groundball, 6, EV 86.9 MPH)
|
|
Batting: RHB Gerald Miller
|
0-0: Ball 1-0: Fly out, F7 (Flyball, 78D, EV 95.0 MPH)
|
| Bottom of the 9th over - 0 runs, 0 hits, 0 errors, 0 left on base; Arkansas 2 - Round Rock 0 |
|